 Dungeon Crawl Stone Soup version 0.29.1-15-g9cfb28693d (webtiles) character file.

Game seed: 809889949323101728

115 Artool the Trooper (level 4, 37/37 HPs)
             Began as a Demonspawn Fighter on Apr 6, 2023.
             Quit the game on level 2 of the Dungeon.
             The game lasted 00:02:11 (2146 turns).

Artool the Trooper (Demonspawn Fighter)             Turns: 2146, Time: 00:02:12

Health: 37/37      AC:  6    Str: 18    XL:     4   Next: 68%
Magic:  4/4        EV:  9    Int: 10    God:
Gold:   113        SH:  8    Dex: 12    Spells: 3/3 levels left

rFire   . . .      SeeInvis .   i - +0 whip
rCold   . . .      Faith    .   c - +0 buckler
rNeg    . . .      Spirit   .   b - +0 scale mail
rPois   .          Reflect  .   (no helmet)
rElec   .          Harm     .   (no cloak)
rCorr   .          Rampage  .   (no gloves)
Will    .....                   (no boots)
Stlth   ..........              (no amulet)
HPRegen 0.12/turn               (no ring)
MPRegen 0.09/turn               (no ring)

@: no status effects
A: hooves 1, condensation shield
a: no special abilities


You were on level 2 of the Dungeon.
You visited 1 branch of the dungeon, and saw 2 of its levels.

You collected 113 gold pieces.

Inventory:

Hand Weapons
 a - a +0 flail
 i - a +0 whip (weapon)
Armour
 b - a +0 scale mail (worn)
 c - a +0 buckler (worn)
Jewellery
 l - an amulet of faith
 s - a +6 ring of intelligence
Scrolls
 g - 2 scrolls of magic mapping {unknown}
 j - a scroll of enchant weapon {unknown}
 n - a scroll of enchant armour {unknown}
 o - a scroll of poison {unknown}
 p - a scroll of teleportation {unknown}
 r - a scroll of identify {unknown}
Potions
 d - 2 potions of might
 e - 2 potions of haste {unknown}
 f - a potion of lignification {unknown}
 h - 2 potions of magic {unknown}
 k - a potion of ambrosia {unknown}
 m - a potion of attraction {unknown}
 q - a potion of resistance {unknown}


   Skills:
 + Level 3.9 Fighting
 + Level 3.0 Maces & Flails
 + Level 3.6 Armour
 - Level 2.6 Shields


You had 3 spell levels left.
You didn't know any spells.
Your spell library contained the following spells:

 Spells                   Type           Power      Damage    Failure   Level
 Apportation              Tloc           0%         N/A       83%         1
 Necrotise                Necr           0%         1d4       83%         1
 Summon Small Mammal      Summ           0%         N/A       83%         1
 Sublimation of Blood     Necr           0%         N/A       93%         2
 Wereblood                Tmut           0%         N/A       93%         2
 Summon Hydra             Summ           0%         N/A       100%        7


Dungeon Overview and Level Annotations

Branches:
Dungeon (2/15)

Altars:


Innate Abilities, Weirdness & Mutations

You have large cloven feet.
A meltable shield of frost defends you. (SH +4)


Message History

A quokka comes into view.
A quokka is nearby!
You closely miss the quokka. You kick the quokka.
The quokka is heavily wounded.
You block the quokka's attack.
A quokka is nearby!
You hit the quokka. You kick the quokka, but do no damage.
The quokka is almost dead.
The quokka bites you.
A quokka is nearby!
You hit the quokka.
You kill the quokka!
Key pressed, stopping explore.
No target in view!
No target in view!
A rat comes into view.
A rat is nearby!
A rat is nearby!
The rat closely misses you.
A rat is nearby!
You closely miss the rat. You block the rat's attack.
A rat is nearby!
You hit the rat.
You kill the rat!
No target in view!
You now have 113 gold pieces (gained 12).
You see here a rat corpse.
Found a sling.
No target in view!
r - a scroll labelled GUEDWENW QUGGE No target in view!
s - a +6 ring of intelligence No target in view!
You see here 6 stones.
There is a stone staircase leading up here.
A goblin comes into view. It is wielding a +0 dagger.
The goblin shouts!
The goblin moves out of view.
No target in view!
Are you sure you want to abandon this character and quit the game? (Confirm with "yes".)

...........# ...........#
....... ...........#
....... ..÷÷......##
#.......... ...<.....##
.......... ###.###.##
.......... #.# #..#
#........# #.####.#####
##........# #
#.#........###@......... #
#...........#...........
###....÷............>.....
).............÷^..÷.......
.#.............#..........
.##.÷.........###........#
.##.....##...####.......##
......######## #..#######
##.>#..# #.##


There were no monsters in sight!

Vanquished Creatures
  Terence (D:2)
  2 adders (D:2)
  2 worms (D:2)
  8 ball pythons
  4 endoplasms
  A goblin (D:1)
  6 hobgoblins
  4 jackals (D:1)
  4 kobolds
  7 quokkas
  9 bats
  3 frilled lizards (D:2)
  12 rats
63 creatures vanquished.

Notes
Turn   | Place    | Note
-------+----------+-------------------------------------------
     0 | D:1      | Artool the Demonspawn Fighter began the quest for the Orb.
     0 | D:1      | Reached XP level 1. HP: 18/18 MP: 1/1
   193 | D:1      | Gained mutation: A meltable shield of frost defends you.
                  | (SH +4) [demonic ancestry]
   193 | D:1      | Reached XP level 2. HP: 13/24 MP: 2/2
   745 | D:1      | Reached XP level 3. HP: 26/29 MP: 3/3
   844 | D:1      | Found a faded altar of an unknown god.
  1557 | D:2      | Noticed Terence
  1582 | D:2      | Killed Terence
  1583 | D:2      | Gained mutation: You have large cloven feet. [demonic
                  | ancestry]
  1583 | D:2      | Reached XP level 4. HP: 25/37 MP: 4/4
  2146 | D:2      | Quit the game

Illustrated notes

Levels and vault maps discovered:
D:1:      enne_arrival_octagon_isle, layout_loops_corners,
          hellmonk_ecumenical_altar_crossroads, minmay_rat_gold_closets
D:2:      layout_rooms, uniq_crazy_yiuf_cottage, uniq_terence

Skill      XL: |  1  2  3  4 |
---------------+-------------+-----
Maces & Flails | 2 3 |  3.0
Armour         | 3 |  3.6
Fighting       | |  3.9
Shields        | |  2.6

Action                   |  1- 3 |  4- 6 || total
-------------------------+-------+-------++-------
Melee: Flail             |   108 |       ||   108
       Whip              |    57 |    59 ||   116
       Kick              |       |    13 ||    13
Armor: Scale mail        |    57 |    17 ||    74
Dodge: Dodged            |    49 |    14 ||    63
Block: Buckler           |    92 |    38 ||   130
